 Dungeon Crawl Stone Soup version 0.20-a0-214-gb74cb0e (webtiles) character file.

43 Eucla the Chopper (level 3, 0/43 HPs)
             Began as a Demonspawn Berserker on Nov 27, 2016.
             Was a Believer of Trog.
             Succumbed to an adder's poison
             ... on level 2 of the Dungeon.
             The game lasted 00:01:27 (688 turns).

Eucla the Chopper (Demonspawn Berserker)             Turns: 688, Time: 00:01:27

Health: 0/43       AC:  2    Str: 22    XL:     3   Next: 37%
Magic:  3/3        EV: 12    Int:  8    God:    Trog [**....]
Gold:   49         SH:  0    Dex: 13    Spells: 2/2 levels left

rFire  . . .     SeeInvis +     a - +0 hand axe
rCold  . . .     Gourm    .     b - +0 animal skin
rNeg   . . .     Faith    .     (no shield)
rPois  .         Spirit   .     (no helmet)
rElec  .         Reflect  .     (no cloak)
rCorr  .         Harm     .     (no gloves)
MR     .....                    (no boots)
Stlth  ..........               (no amulet)
                                j - ring of see invisible
                                f - ring of stealth

@: berserking (expiring), lethally poisoned (0 -> -6), very quick
A: claws 1, rot immunity
a: Berserk, Trog's Hand, Burn Spellbooks, Renounce Religion


You were on level 2 of the Dungeon.
You worshipped Trog.
Trog was pleased with you.
You were very hungry.

You visited 1 branch of the dungeon, and saw 2 of its levels.

You collected 49 gold pieces.

Inventory:

Hand Weapons
 a - a +0 hand axe (weapon)
Armour
 b - a +0 animal skin (worn)
Jewellery
 f - a ring of stealth (left claw)
 j - a ring of see invisible (right claw)
Scrolls
 e - a scroll of random uselessness {unknown}
 h - a scroll of teleportation {unknown}
 k - 2 scrolls of remove curse {unknown}
 l - a scroll of fog {unknown}
 n - a scroll of amnesia {unknown}
 o - a scroll of identify {unknown}
Potions
 d - a potion of curing {unknown}
 g - a potion of heal wounds {unknown}
 i - a potion of lignification {unknown}
 m - a potion of magic {unknown}
 p - a potion of brilliance {unknown}
Comestibles
 c - 3 bread rations


   Skills:
 - Level 3.0 Fighting
 + Level 4.0 Axes
 - Level 1.7 Armour
 - Level 1.7 Dodging


You had 2 spell levels left.
You didn't know any spells.

Dungeon Overview and Level Annotations

Branches:
Dungeon (2/15)

Altars:


Innate Abilities, Weirdness & Mutations

You have sharp fingernails.
You are immune to rotting.


Message History

* * * LOW HITPOINT WARNING * * *
You closely miss the adder.
The adder is severely wounded.
The adder barely misses you.
You hit the adder but do no damage.
The adder is severely wounded.
* * * LOW HITPOINT WARNING * * *
You feel sick. The adder barely misses you.
Unknown command.
You barely miss the adder.
The adder is severely wounded.
* * * LOW HITPOINT WARNING * * *
You feel sick. The adder bites you.
* * * LOW HITPOINT WARNING * * *
You slash the adder!
You kill the adder!
Trog accepts your kill.
Your Axes skill increases to level 4!
You feel a strong urge to attack something.
You die...

..+ #.# #.# ..+
#.# #.# #.# #.#
#.# ....# #.# #.#
....# #.# #@#
....# #.#
#.#######..###.###
#.##......>.......
#.##.......#.#.###
#.##.......#.....#
#................#
#######....#(....#
#....#.....#
#.####(#####


There were no monsters in sight!

Vanquished Creatures
  An adder (D:2)
  An ooze (D:1)
  2 dart slugs (D:1)
  2 leopard geckos (D:1)
  3 giant cockroaches (D:1)
  A hobgoblin (D:1)
  3 bats
  A frilled lizard (D:1)
  2 goblins (D:1)
  3 kobolds (D:1)
  8 rats
27 creatures vanquished.

Notes
Turn   | Place    | Note
-------+----------+-------------------------------------------
     0 | D:1      | Eucla the Demonspawn Berserker began the quest for the Orb.
     0 | D:1      | Reached XP level 1. HP: 18/18 MP: 1/1
    38 | D:1      | Reached skill level 3 in Axes
    57 | D:1      | Gained mutation: You have sharp fingernails. [demonic ancestry]
    57 | D:1      | Reached XP level 2. HP: 10/24 MP: 2/2
   475 | D:1      | Gained mutation: You are immune to rotting. [demonic ancestry]
   475 | D:1      | Reached XP level 3. HP: 26/29 MP: 3/3
   520 | D:1      | Reached ** piety under Trog
   685 | D:2      | HP: 1/43 [adder (2)]
   686 | D:2      | Reached skill level 4 in Axes
   688 | D:2      | Succumbed to an adder's poison

Vault maps used:
D:1:      eino_arrival_tree_alley, grunt_decor_cap,
          hangedman_abyss_or_decor_stabs
D:2:      uniq_robin, uniq_natasha

Skill      XL: |  1  2  3 |
---------------+----------+-----
Axes           | 3 4 |  4.0
Fighting       | |  3.0
Armour         | |  1.7
Dodging        | |  1.7

Action                   || total
-------------------------++-------
Melee: Hand axe          ||    80
Invok: Berserk           ||     2
 Stab: Sleeping          ||     5
Armor: Animal skin       ||    13
Dodge: Dodged            ||    43
